AoeStats
← a.l.a.n.t

Nomad

503454305Analyzed
2v2 RM · 1mo ago on Aug 31, 2026· 69m 24s· 4 players
Game mode
Random Map
Map size
176×176
Population
200
Speed
Normal
Resources
Standard
Victory
Conquest
Starting age
Dark Age
Ending age
Imperial Age
RankedLock teamsTeams togetherTeam positionsShared explorationLock speedFull tech treeHidden civsTurbo modeCheats
Victory
Defeat
🇦🇷 Huns · Argentina
1193
+15
🇦🇷 Persians · Argentina
1184
+16
🇬🇧 Berbers · United Kingdom
1299
-21
🇮🇶 Japanese · Iraq
1063
-10
a.l.a.n.t
13:01 Loom
15:01 Feudal Age
19:11 Castle Age
19:10 Fletching
20:43 Bodkin Arrow
21:58 Double-Bit Axe
25:05 Padded Archer Armor
26:11 Husbandry
27:27 Bloodlines
30:14 Ballistics
31:41 Bow Saw
31:49 Scale Barding Armor
32:12 Kasbah
38:16 Imperial Age
39:07 Leather Archer Armor
39:31 Stone Mining
39:34 Gold Mining
40:42 Elite Camel Archer
42:30 Conscription
42:50 Thumb Ring
42:55 Bracer
43:26 Ring Archer Armor
42:19 Heavy Camel Rider
47:08 Chemistry
56:24 Light Cavalry
58:17 Hussar
aryaszahir958
7:40 Loom
14:49 Feudal Age
15:40 Double-Bit Axe
15:38 Horse Collar
21:17 Castle Age
27:10 Gold Mining
27:45 Fletching
27:56 Padded Archer Armor
27:57 Scale Mail Armor
28:08 Forging
32:54 Pikeman
33:34 Squires
34:12 Bow Saw
41:13 Imperial Age
41:36 Halberdier
59:48 Capped Ram
66:34 Wheelbarrow
66:17 Bodkin Arrow
Zielort
13:01 Feudal Age
12:32 Loom
16:40 Castle Age
15:49 Fletching
16:39 Double-Bit Axe
17:19 Bodkin Arrow
17:46 Man-at-Arms
18:27 Gold Mining
25:21 Horse Collar
32:15 Wheelbarrow
32:01 Bloodlines
31:52 Husbandry
34:24 Imperial Age
32:22 Scale Barding Armor
31:42 Light Cavalry
33:28 Forging
33:43 Chain Barding Armor
33:42 Heavy Plow
35:18 Bracer
36:44 Chemistry
36:06 Ballistics
36:21 Stone Mining
37:09 Gold Shaft Mining
36:52 Bow Saw
38:22 Hand Cart
38:01 Hussar
39:10 Parthian Tactics
39:17 Heavy Cavalry Archer
42:48 Plate Barding Armor
42:49 Iron Casting
69:45 Blast Furnace
HernT04
7:18 Loom
12:42 Feudal Age
18:22 Castle Age
18:30 Forging
18:53 Husbandry
21:19 Bloodlines
26:50 Double-Bit Axe
26:47 Horse Collar
31:44 Wheelbarrow
33:13 Fletching
36:56 Elite Skirmisher
37:35 Elite Skirmisher
44:54 Imperial Age
45:41 Imperial Age
45:12 Thumb Ring
47:40 Iron Casting
47:03 Bodkin Arrow
47:08 Padded Archer Armor
48:20 Heavy Scorpion
52:08 Gold Mining
63:03 Pikeman
63:44 Squires
63:33 Gambesons
63:48 Arson
64:38 Hand Cart
65:06 Cavalier
65:36 Light Cavalry
65:49 Cavalier
66:46 Hussar
67:52 Savar
69:19 Scale Barding Armor
Connection lost

Rejoining the realm…

Still unreachable

The connection could not be restored.

Session expired

The server has moved on; the page needs a fresh start.